 Dungeon Crawl Stone Soup version 0.30-a0-374-g95c0257040 (webtiles) character file.

Game seed: 3329921757852847114

22 McGhostyFace the Magician (level 2, -1/26 HPs)
             Began as a Gnoll Wanderer on Nov 25, 2022.
             Slain by a quokka (2 damage)
             ... on level 1 of the Dungeon.
             The game lasted 00:01:10 (493 turns).

McGhostyFace the Magician (Gnoll Wanderer)           Turns: 493, Time: 00:01:10

Health: -1/26      AC:  3    Str: 16    XL:     2   Next: 91%
Magic:  7/7        EV: 11    Int:  9    God:
Gold:   11         SH:  0    Dex:  8    Spells: 10/10 levels left

rFire   . . .      SeeInvis .    a - +0 dagger
rCold   . . .      Faith    .    (no shield)
rNeg    . . .      Spirit   .    d - +0 leather armour
rPois   .          Reflect  .    (no helmet)
rElec   .          Harm     .    (no cloak)
rCorr   .          Rampage  .    (no gloves)
Will    .....                    (no boots)
Stlth   +.........               (no amulet)
HPRegen 0.24/turn                (no ring)
MPRegen 0.10/turn                (no ring)

@: no status effects
A: fangs 1, strong nose, distributed training
a: no special abilities


You were on level 1 of the Dungeon.
You visited 1 branch of the dungeon, and saw 1 of its levels.

You collected 11 gold pieces.

Inventory:

Hand Weapons
 a - a +0 dagger (weapon)
Armour
 d - a +0 leather armour (worn)
Scrolls
 f - a scroll of torment {unknown}
 h - a scroll of identify {unknown}
Potions
 c - a potion of berserk rage
 e - a potion of degeneration {unknown}
 g - a potion of curing {unknown}


   Skills:
 + Level 4.5 Fighting
 + Level 0.5 Short Blades
 + Level 0.5 Long Blades
 + Level 0.5 Axes
 + Level 0.5 Maces & Flails
 + Level 0.5 Polearms
 + Level 0.5 Staves
 + Level 0.5 Ranged Weapons
 + Level 4.5 Throwing
 + Level 2.5 Armour
 + Level 0.5 Dodging
 + Level 0.5 Stealth
 + Level 0.5 Shields
 + Level 0.5 Unarmed Combat
 + Level 4.9 Spellcasting
 + Level 3.7 Conjurations
 + Level 0.4 Hexes
 + Level 0.4 Summonings
 + Level 0.4 Necromancy
 + Level 2.0 Translocations
 + Level 0.4 Transmutations
 + Level 0.4 Fire Magic
 + Level 0.4 Ice Magic
 + Level 0.4 Air Magic
 + Level 0.4 Earth Magic
 + Level 0.4 Poison Magic
 + Level 0.7 Invocations
 + Level 0.5 Evocations


You had 10 spell levels left.
You didn't know any spells.
Your spell library contained the following spells:

 Spells                   Type           Power      Damage    Failure   Level
 Magic Dart               Conj           32%        1d4       6%          1
 Apportation              Tloc           12%        N/A       12%         1
 Dazzling Flash           Conj/Hex       10%        N/A       36%         3
 Gell's Gravitas          Tloc           6%         N/A       36%         3
 Iskenderun's Mystic Bla  Conj/Tloc      7%         2d4       65%         4


Dungeon Overview and Level Annotations

Branches:
Dungeon (1/15)

Altars:


Innate Abilities, Weirdness & Mutations

You have very sharp teeth.
Your uncanny sense of smell can sniff out nearby items.
Your experience applies equally to all skills.


Message History

The jackal is almost dead.
The jackal bites you but does no damage.
You hit the jackal.
You kill the jackal!
You hit the kobold.
The kobold is severely wounded.
The kobold barely misses you.
You barely miss the kobold.
The kobold is severely wounded.
A quokka comes into view.
The kobold hits you with a +0 dagger.
You hit the kobold but do no damage.
The kobold is severely wounded.
The kobold hits you with a +0 dagger.
You hit the kobold.
You kill the kobold!
Items here: ) †††.
The quokka bites you but does no damage.
You hit the quokka but do no damage. The quokka bites you.
You closely miss the quokka. The quokka bites you.
You closely miss the quokka. The quokka bites you.
You miss the quokka. Your bite misses the quokka. The quokka bites you. x2
* * * LOW HITPOINT WARNING * * *
You closely miss the quokka. The quokka bites you.
* * * LOW HITPOINT WARNING * * *
You hit the quokka. Your bite misses the quokka.
The quokka is severely wounded.
The quokka bites you.
* * * LOW HITPOINT WARNING * * *
You closely miss the quokka. Your bite misses the quokka.
The quokka is severely wounded.
The quokka bites you but does no damage.
You closely miss the quokka.
The quokka is severely wounded.
The quokka bites you.
* * * LOW HITPOINT WARNING * * *
You closely miss the quokka. Your bite misses the quokka.
The quokka is severely wounded.
The quokka bites you.
You die...

......# ..# .. ......#
##.###(## .. ......# .....(.
.. ......# #.##..# ..# ......#
#.##..# ..# ......#..
#.....####..##. ......#..
#.#............
.........#######.#............
#....##......).)@r.....(#.....
#....###....####.#†........###
#....# #.##.####.#.#..........
.....# #......................
.##### #####.###.#.####.##(##.
...# #.# #.#... .....( .#.#
##.###.#..# .##.#.( .#†#
#......#..# .# ... .#.#
###..#.#..# .# .


You could see a quokka.

Vanquished Creatures
  2 dart slugs (D:1)
  2 bats (D:1)
  An endoplasm (D:1)
  3 goblins (D:1)
  5 jackals (D:1)
  A frilled lizard (D:1)
  2 kobolds (D:1)
16 creatures vanquished.

Notes
Turn   | Place    | Note
-------+----------+-------------------------------------------
     0 | D:1      | McGhostyFace the Gnoll Wanderer began the quest for the
                  | Orb.
     0 | D:1      | McGhostyFace set off with the following items: a +0 dagger,
                  | 9 poisoned darts, a potion of berserk rage, a +0 leather
                  | armour; and the following spells available to memorise:
                  | Magic Dart, Apportation, Dazzling Flash, Gell's Gravitas,
                  | Iskenderun's Mystic Blast.
     0 | D:1      | Reached XP level 1. HP: 20/20 MP: 6/6
   126 | D:1      | Reached XP level 2. HP: 26/26 MP: 7/7
   492 | D:1      | HP: 1/26 [quokka (1)]
   493 | D:1      | Slain by a quokka

Illustrated notes

Levels and vault maps discovered:
D:1:      eino_arrival_cavern_a, layout_basic

Skill      XL: |  1 |
---------------+----+-----
Translocations | 2 |  2.0
Fighting       | |  4.5
Short Blades   | |  0.5
Long Blades    | |  0.5
Axes           | |  0.5
Maces & Flails | |  0.5
Polearms       | |  0.5
Staves         | |  0.5
Ranged Weapons | |  0.5
Throwing       | |  4.5
Armour         | |  2.5
Dodging        | |  0.5
Stealth        | |  0.5
Shields        | |  0.5
Unarmed Combat | |  0.5
Spellcasting   | |  4.9
Conjurations   | |  3.7
Hexes          | |  0.4
Summonings     | |  0.4
Necromancy     | |  0.4
Transmutations | |  0.4
Fire Magic     | |  0.4
Ice Magic      | |  0.4
Air Magic      | |  0.4
Earth Magic    | |  0.4
Poison Magic   | |  0.4
Invocations    | |  0.7
Evocations     | |  0.5

Action                   || total
-------------------------++-------
Melee: Dagger            ||    77
       Bite              ||     1
Throw: Dart              ||    26
Armor: Leather armour    ||    28
Dodge: Dodged            ||    38

Table legend: (Time is in decaauts)
 A = Elapsed time spent in this place.
 B = Non-inter-level travel time spent in this place.
 C = Inter-level travel time spent in this place.
 D = Time resting spent in this place.
 E = Time spent auto-exploring this place.
 F = Levels seen in this place.
 G = Mean time per level.
                   A        B        C        D        E       F      G
               +--------+--------+--------+--------+--------+-----+--------+
         Total |    486 |    486 |      0 |    124 |    215 |   1 |  486.0 |
       Dungeon |    486 |    486 |      0 |    124 |    215 |   1 |  486.0 |
               +--------+--------+--------+--------+--------+-----+--------+

Top non-repeatable levels by time:
     D:1: 486 daAuts
